 Dungeon Crawl Stone Soup version 0.32-a0-433-g08bcfe7efd (webtiles) character file.

Game seed: 5779018367772147513

389 cforsyth the Slasher (level 6, -4/49 HPs)
             Began as a Coglin Gladiator on Feb 22, 2024.
             Slain by Edmund
             ... wielding a +3 heavy flail
              (15 damage)
             ... on level 4 of the Dungeon.
             The game lasted 00:05:09 (2762 turns).

cforsyth the Slasher (Coglin Gladiator)             Turns: 2762, Time: 00:05:10

Health: -4/49      AC: 10    Str: 14    XL:     6   Next: 79%
Magic:  6/6        EV: 13    Int:  8    God:
Gold:   26         SH:  0    Dex: 17    Spells: 5/5 levels left

rFire   . . .        a - +0 long sword {Luis}
rCold   . . .        m - +0 dagger {Hajoon}
rNeg    . . .        l - +0 chain mail
rPois   +            c - +0 helmet
rElec   .            (no cloak)
rCorr   .            (no gloves)
SInv    .            (no boots)
Will    .....        g - amulet of regeneration Stlth
                     P - ring of poison resistance
HPRegen 1.08/turn    E - +5 ring of evasion
MPRegen 0.10/turn

%: no passive effects
@: immotile, revved
A: off-hand wielding, slow wielding, warmup strikes, legs shutdown
a: no special abilities


You were on level 4 of the Dungeon.
You visited 1 branch of the dungeon, and saw 4 of its levels.

You collected 142 gold pieces.
You spent 116 gold pieces at shops.


Innate Abilities, Weirdness & Mutations

You can wield a second weapon in your off-hand.
It takes a long time for you to wield or remove held weapons.
Your first few attacks do less damage.
Attacking and casting redirects power from your legs.


   Skills:
 + Level 4.3 Fighting
 + Level 4.8 Long Blades
 - Level 1.7 Throwing
 + Level 3.2 Armour
 - Level 2.6 Dodging


You had 5 spell levels left.
You didn't know any spells.
Your spell library contained the following spells:

 Spells                   Type           Power      Damage    Failure   Level
 Magic Dart               Conj           0%         1d3       100%        1
 Searing Ray              Conj           0%         2d4       100%        2
 Gell's Gravitas          Tloc           0%         N/A       100%        3
 Teleport Other           Tloc           0%         N/A       100%        3
 Fulminant Prism          Conj/Alch      0%         3d5       100%        4
 Dispersal                Tloc           0%         N/A       100%        6

Inventory:

Hand Weapons
 a - a +0 long sword (weapon) {Luis}
 m - a +0 dagger (offhand) {Hajoon}
Missiles
 d - 3 throwing nets (quivered) {=f}
 e - a javelin
Armour
 b - a +0 leather armour
 c - a +0 helmet (worn)
 l - a +0 chain mail (worn)
Magical Staves
 w - a staff of fire {!a}
Jewellery
 g - an amulet of regeneration (around neck)
 E - a +5 ring of evasion (right grasper)
 F - a ring of protection from fire
 P - a ring of poison resistance (left grasper)
Scrolls
 f - a scroll of enchant weapon {unknown}
 h - a scroll of enchant armour {unknown}
 k - a scroll of teleportation {unknown}
 n - 2 scrolls of fear {unknown}
 v - a scroll of brand weapon {unknown}
Potions
 i - a potion of haste {unknown}
 j - 3 potions of curing {@q1}
 o - a potion of berserk rage {unknown}
 p - a potion of brilliance {unknown}
 q - a potion of mutation
 r - a potion of might {unknown}
 s - a potion of attraction
 t - a potion of ambrosia {unknown}

Dungeon Overview and Level Annotations

Branches:
Dungeon (4/15)
 Temple: D:4-7

Altars:
Uskayaw

Shops:
D:3 *(=!

Annotations:
D:4 Edmund

.#.....##<..#...........#######
........#.#.......###.#...#
..........##.#..#.....###.#
..........##.#....#........#
.......(..#..#..#...@.>.. [..
................>........ ..>.
...........######.##...... ...
...........# ###@##.......
...........# ##.@.# ....
#######..### #..### #....# #.##
#...######.# #...##.....#
#......##### #...#### #...#
#...#


You could see Edmund.


Message History

You hit Edmund but do no damage.
Edmund is heavily wounded.
You barely miss Edmund with your +0 long sword.
You closely miss Edmund with your +0 dagger.
Edmund is heavily wounded.
You hit Edmund but do no damage. Edmund hits you with a +3 heavy flail!
* * * LOW HITPOINT WARNING * * *
You barely miss Edmund with your +0 long sword.
Edmund is heavily wounded.
You hit Edmund with your +0 dagger. Edmund hits you with a +3 heavy flail!
* * * LOW HITPOINT WARNING * * *
You feel much better.
You are no longer unable to travel.
You slash Edmund with your +0 long sword!
Edmund is severely wounded.
You hit Edmund but do no damage. Edmund hits you with a +3 heavy flail!
* * * LOW HITPOINT WARNING * * *
You hit Edmund but do no damage.
Edmund is severely wounded.
You hit Edmund with your +0 dagger. Edmund hits you with a +3 heavy flail.
* * * LOW HITPOINT WARNING * * *
You hit Edmund but do no damage.
Edmund is almost dead.
You barely miss Edmund with your +0 long sword.
You barely miss Edmund with your +0 long sword.
Edmund is almost dead.
You closely miss Edmund with your +0 dagger.
Edmund hits you with a +3 heavy flail!
You die...
Edmund says, "That'll show my brother!"

Skill      XL: |  1  2  3  4  5  6 |
---------------+-------------------+-----
Armour         | 1 2 3 |  3.2
Fighting       | 3 4 |  4.3
Long Blades    | 4 |  4.8
Throwing       | |  1.7
Dodging        | |  2.6

Action                     |  1- 3 |  4- 6 || total
---------------------------+-------+-------++-------
  Melee: Long sword        |    75 |   136 ||   211
         Dagger            |       |   115 ||   115
    Use: Scroll            |       |     3 ||     3
         Potion            |       |     1 ||     1
   Stab: Sleeping          |     1 |       ||     1
 Armour: Leather armour    |    47 |     4 ||    51
         Chain mail        |       |    73 ||    73
  Dodge: Dodged            |    44 |    75 ||   119

Levels and vault maps discovered:
D:1:      wander_arrival_chamber, layout_loops_ring, solitary_fountain
D:2:      layout_basic, hellmonk_ecumenical_altar_crossroads
D:3:      layout_rooms, serial_shops, nicolae_shop_just_a_little_nook,
          nicolae_shop_real_fake_doors, nicolae_shop_hallway_plus, shop
D:4:      layout_rooms, mainiacjoe_overflow_brackets, demons_altar,
          minmay_between, uniq_edmund, uniq_sigmund

Notes
Turn   | Place    | Note
-------+----------+-------------------------------------------
     0 | D:1      | cforsyth the Coglin Gladiator began the quest for the Orb.
     0 | D:1      | Reached XP level 1. HP: 16/16 MP: 1/1
    64 | D:1      | Reached XP level 2. HP: 21/22 MP: 2/2
   209 | D:1      | Reached skill level 1 in Armour
   447 | D:1      | Reached XP level 3. HP: 27/28 MP: 3/3
   924 | D:2      | Found a faded altar of an unknown god.
  1326 | D:2      | Reached skill level 3 in Fighting
  1326 | D:2      | Reached XP level 4. HP: 33/35 MP: 4/4
  1799 | D:3      | Reached skill level 2 in Armour
  1800 | D:3      | Reached XP level 5. HP: 35/41 MP: 5/5
  1805 | D:3      | Reached skill level 4 in Long Blades
  1962 | D:3      | Found Gegaim's General Store.
  1972 | D:3      | Bought a scroll of identify for 28 gold pieces
  2087 | D:3      | Found Geymaib's Antique Weapon Emporium.
  2121 | D:3      | Found Mulasuyb's Jewellery Shop.
  2170 | D:3      | Found Vousuane's Distillery.
  2182 | D:3      | Bought a potion of heal wounds for 55 gold pieces
  2182 | D:3      | Bought a potion of curing for 33 gold pieces
  2266 | D:4      | Reached XP level 6. HP: 27/48 MP: 6/6
  2303 | D:4      | Noticed Edmund
  2303 | D:4      | Noticed Sigmund
  2567 | D:4      | Killed Sigmund
  2568 | D:4      | Reached skill level 4 in Fighting
  2568 | D:4      | Reached skill level 3 in Armour
  2623 | D:4      | Found a hide-covered altar of Uskayaw.
  2762 | D:4      | Slain by Edmund

Vanquished Creatures
  Sigmund (D:4)
  A howler monkey (D:4)
  A jelly (D:4)
  An orc wizard (D:3)
  3 gnolls
  An adder (D:4)
  2 dart slugs (D:1)
  3 ribbon worms (D:2)
  13 orcs
  9 ball pythons
  5 endoplasms
  5 giant cockroaches
  2 goblins
  3 hobgoblins
  3 jackals (D:3)
  6 kobolds
  3 quokkas
  5 bats
  2 frilled lizards
  5 rats
74 creatures vanquished.

Table legend: (Time is in decaauts)
 A = Elapsed time spent in this place.
 B = Non-inter-level travel time spent in this place.
 C = Inter-level travel time spent in this place.
 D = Time resting spent in this place.
 E = Time spent auto-exploring this place.
 F = Levels seen in this place.
 G = Mean time per level.
                   A        B        C        D        E       F      G
               +--------+--------+--------+--------+--------+-----+--------+
         Total |   2783 |   2597 |    186 |    214 |   1731 |   4 |  695.8 |
       Dungeon |   2783 |   2597 |    186 |    214 |   1731 |   4 |  695.8 |
               +--------+--------+--------+--------+--------+-----+--------+

Top non-repeatable levels by time:
     D:2: 949 daAuts
     D:3: 744 daAuts
     D:1: 736 daAuts
     D:4: 352 daAuts

Table legend:
 A = Non-vault XP
 B = Vault XP
 C = Vault XP percentage of total XP
 D = Non-vault monster count
 E = Vault monster count
 F = Vault count percentage of total count
                 A         B        C        D         E       F
            +---------+---------+-------+---------+---------+-------
      Total |     334 |     223 |  40.0 |      73 |       1 |   1.4
            +---------+---------+-------+---------+---------+-------
        D:1 |      48 |       0 |   0.0 |      18 |       0 |   0.0
        D:2 |      64 |       0 |   0.0 |      18 |       0 |   0.0
        D:3 |      96 |       0 |   0.0 |      29 |       0 |   0.0
        D:4 |     126 |     223 |  63.9 |       8 |       1 |  11.1
            +---------+---------+-------+---------+---------+-------
